 Dungeon Crawl Stone Soup version 0.29-a0-559-g359e09b9d1 (webtiles) character file.

Game seed: 10169744288303689224

751 dolemite99 the Basher (level 8, -1/60 (94) HPs)
             Began as a Meteoran Berserker on June 9, 2022.
             Was a Follower of Trog.
             Slain by a gnoll
             ... wielding a +0 trident
              (7 damage)
             ... on level 7 of the Dungeon.
             The game lasted 00:06:07 (3611 turns).

dolemite99 the Basher (Meteoran Berserker)          Turns: 3611, Time: 00:06:08

HP:   -1/60 (94)    AC:  9    Str: 21    XL:     8   Next: 27%
MP:   9/9           EV:  8    Int:  8    God:    Trog [*.....]
Gold: 163           SH:  0    Dex: 14    Spells: 7/7 levels left

rFire   . . .      SeeInvis +   a - +0 flail
rCold   . . .      Faith    .   (no shield)
rNeg    . . .      Spirit   .   z - +0 chain mail "Duwul" {rPois}
rPois   +          Reflect  .   (no helmet)
rElec   .          Harm     .   (no cloak)
rCorr   .          Rampage  .   (no gloves)
Will    +....                   o - +0 pair of boots
Stlth   ..........              (no amulet)
HPRegen 0.20/turn               s - ring of see invisible
MPRegen 0.11/turn               (no ring)

@: berserking, glowing, very heavily drained, very quick
A: sense surroundings 1, otherworldly, glowing, explore regen
a: Renounce Religion, Berserk


You were on level 7 of the Dungeon.
You worshipped Trog.
Trog was aware of your devotion.
You visited 1 branch of the dungeon, and saw 8 of its levels.

You collected 163 gold pieces.

Inventory:

Hand Weapons
 a - a +0 flail (weapon)
 v - a +0 mace
Missiles
 A - 2 poisoned darts (quivered)
Armour
 b - a +0 animal skin
 i - a +0 chain mail
 o - a +0 pair of boots (worn)
 p - a +0 ring mail
 z - the +0 chain mail "Duwul" (worn) {rPois}
   (You found it on level 7 of the Dungeon)

   rPois:     It protects you from poison.
Jewellery
 h - a ring of wizardry
 s - a ring of see invisible (left hand)
Wands
 m - a wand of flame (18)
Scrolls
 f - a scroll of fear
 g - a scroll of torment
 u - 3 scrolls of teleportation {unknown}
 w - a scroll of identify {@r1}
 x - a scroll of silence {unknown}
 y - a scroll of brand weapon {unknown}
Potions
 c - 4 potions of curing
 d - a potion of might {unknown}
 e - a potion of invisibility {unknown}
 j - a potion of brilliance {unknown}
 k - 2 potions of lignification {unknown}
 l - 3 potions of heal wounds
 n - a potion of attraction {unknown}
 q - 3 potions of mutation {unknown}
 r - a potion of flight {unknown}
 t - 2 potions of resistance {unknown}


   Skills:
 - Level 3.2 Fighting
 + Level 11.6 Maces & Flails
 - Level 2.4 Armour
 - Level 2.4 Dodging


You had 7 spell levels left.
You didn't know any spells.
Your spell library contained the following spells:

 Spells                   Type           Power      Damage    Failure   Level
 Freeze                   Ice            0%         1d3       99%         1


Dungeon Overview and Level Annotations

Branches:
Dungeon (8/15)
 Temple: D:4-7         Lair: D:8-11

Altars:
Dithmenos

Shops:
D:6 =


Innate Abilities, Weirdness & Mutations

You passively map a small area around you.
You are easily found by Zot.
You glow in the dark.
You regain HP and MP as you explore.


Message History

The centaur closely misses you.
You see here a +0 spear.
You barely miss the gnoll. The gnoll hits you with a +0 club.
The gnoll hits you from afar with a +0 spear.
The gnoll hits you with a +0 trident. The centaur barely misses you.
The centaur kicks you.
You sock the centaur!
The centaur is severely wounded.
The centaur hits you. The centaur closely misses you.
The gnoll hits you but does no damage. The gnoll barely misses you.
The gnoll misses you.
You sock the gnoll!
The gnoll is almost dead.
The centaur closely misses you. The centaur kicks you.
* * * LOW HITPOINT WARNING * * *
The gnoll closely misses you. The gnoll hits you but does no damage.
The gnoll hits you with a +0 trident.
* * * LOW HITPOINT WARNING * * *
A red film seems to cover your vision as you go berserk!
You feel yourself moving faster!
You feel mighty!
The centaur hits you but does no damage.
The centaur kicks you.
* * * LOW HITPOINT WARNING * * *
The centaur hits you.
* * * LOW HITPOINT WARNING * * *
The centaur kicks you but does no damage.
The gnoll barely misses you.
The gnoll hits you from afar with a +0 spear.
* * * LOW HITPOINT WARNING * * *
The gnoll barely misses you.
You closely miss the centaur.
The centaur is heavily wounded.
The centaur closely misses you. The centaur kicks you.
* * * LOW HITPOINT WARNING * * *
You sock the centaur!
You kill the centaur!
Trog accepts your kill. The gnoll barely misses you.
The gnoll closely misses you. The gnoll hits you with a +0 trident!
You die...

## #..#.#.....# .#
#..#.......# , , , .#
#.<##......# .
.#####'###......# ..
)#...........##.# , 5..
.#...........##.# ,,.c.. ,
.#...........##.# .....,
.'...........##.#####......,
,
##...........^#g@)g.......#
+ *
#............#.#g....###.#
#..............#.....#
#...........#..#.....# *
#...........#..#.....#
#...........##>#.....#
################.......
#.......


You could see 3 gnolls.

Vanquished Creatures
  Sigmund (D:2)
  An ice beast (D:5)
  An ogre (D:5)
  A centaur (D:7)
  A hound (D:4)
  2 orc priests (D:5)
  3 orc wizards
  3 iguanas
  5 gnolls (D:7)
  5 adders
  A white imp (D:7)
  An ufetubus (D:4)
  A dart slug (D:3)
  8 orcs
  7 endoplasms
  A giant cockroach (D:1)
  4 goblins
  7 hobgoblins
  6 jackals
  3 kobolds
  A quokka (D:5)
  3 ball pythons
  2 bats
  A frilled lizard (D:2)
  2 rats (D:1)
71 creatures vanquished.

Notes
Turn   | Place    | Note
-------+----------+-------------------------------------------
     0 | D:1      | dolemite99 the Meteoran Berserker began the quest for the
                  | Orb.
     0 | D:1      | Reached XP level 1. HP: 19/19 MP: 2/2
    48 | D:1      | Reached XP level 2. HP: 11/26 MP: 3/3
   348 | D:1      | Reached skill level 5 in Maces & Flails
   462 | D:1      | Reached XP level 3. HP: 31/31 MP: 4/4
   472 | D:1      | Found a faded altar of an unknown god.
   481 | D:1      | Got Plato's Handbook of the Frostbite
   486 | D:1      | Glimpsed the power of Zot.
   661 | D:2      | Reached XP level 4. HP: 38/38 MP: 5/5
   690 | D:2      | Noticed Sigmund
   711 | D:2      | Killed Sigmund
   712 | D:2      | Reached skill level 8 in Maces & Flails
   712 | D:2      | Reached XP level 5. HP: 42/45 MP: 6/6
   712 | D:2      | Reached XP level 6. HP: 48/51 MP: 7/7
  1064 | D:2      | Glimpsed the power of Zot.
  1658 | D:3      | Glimpsed the power of Zot.
  1753 | D:4      | Found a shadowy altar of Dithmenos.
  1812 | D:4      | Reached ** piety under Trog
  1888 | D:4      | Reached skill level 9 in Maces & Flails
  2015 | D:4      | Reached XP level 7. HP: 57/57 MP: 8/8
  2238 | D:4      | Glimpsed the power of Zot.
  2274 | D:5      | Entered Level 5 of the Dungeon
  2496 | D:5      | Reached skill level 10 in Maces & Flails
  2821 | D:5      | Glimpsed the power of Zot.
  2868 | D:5      | Reached skill level 11 in Maces & Flails
  2868 | D:5      | Reached XP level 8. HP: 63/63 MP: 9/9
  2874 | D:5      | Glimpsed the power of Zot.
  2904 | D:5      | Glimpsed the power of Zot.
  2913 | D:5      | Glimpsed the power of Zot.
  2914 | D:5      | Touched by the power of Zot.
  2949 | D:6      | Found Efae's Jewellery Shoppe.
  2990 | D:5      | You fall into a shaft and drop 3 floors!
  3057 | D:7      | HP: 2/58 [gnoll/+0 spear[a gnoll shaman] (5)]
  3529 | D:7      | Identified the +0 chain mail "Duwul" {rPois}
  3611 | D:7      | Slain by a gnoll

Illustrated notes

Levels and vault maps discovered:
D:1:      lightli_arrival_lavapool, layout_rooms,
          shapermc_ecumenical_altar_rom_forum
D:2:      layout_rooms, uniq_sigmund
D:3:      layout_basic, elyvilon_altar_4, minitemple
D:4:      layout_cave_pods, nicolae_dithmenos_the_darkroom
D:5:      layout_gridville, minmay_temple_entry_statues_pillars,
          minmay_splitting_lines, minmay_hollow_rounded_squares,
          uniq_blork_the_orc
D:6:      layout_layer_cave, serial_shops, nicolae_stop_n_shop_1, minivault_22
D:7:      layout_basic, lightli_orcish_oven
D:8:      layout_loops_corners, grunt_temple_overflow_order_and_chaos_2,
          mainiacjoe_overflow_alcove_2, nicolae_shop_self_help

Skill      XL: |  1  2  3  4  5  6  7 |
---------------+----------------------+-----
Maces & Flails | 5 8 9 11 | 11.6
Fighting       | |  3.2
Armour         | |  2.4
Dodging        | |  2.4

Action                   |  1- 3 |  4- 6 |  7- 9 || total
-------------------------+-------+-------+-------++-------
Melee: Mace              |    40 |    95 |    20 ||   155
       Punch             |       |     1 |     1 ||     2
       Flail             |       |       |    64 ||    64
Invok: Berserk           |     2 |     3 |     7 ||    12
       Trog's Hand       |       |       |     2 ||     2
  Use: Scroll            |       |     9 |       ||     9
Armor: Animal skin       |    14 |       |       ||    14
       Ring mail         |     1 |     2 |       ||     3
       Chain mail        |       |    70 |    64 ||   134
Dodge: Dodged            |    26 |    25 |    45 ||    96

Table legend: (Time is in decaauts)
 A = Elapsed time spent in this place.
 B = Non-inter-level travel time spent in this place.
 C = Inter-level travel time spent in this place.
 D = Time resting spent in this place.
 E = Time spent auto-exploring this place.
 F = Levels seen in this place.
 G = Mean time per level.
                   A        B        C        D        E       F      G
               +--------+--------+--------+--------+--------+-----+--------+
         Total |   3703 |   3621 |     82 |   1586 |   1171 |   8 |  462.9 |
       Dungeon |   3703 |   3621 |     82 |   1586 |   1171 |   8 |  462.9 |
               +--------+--------+--------+--------+--------+-----+--------+

Top non-repeatable levels by time:
     D:5: 691 daAuts
     D:3: 636 daAuts
     D:4: 592 daAuts
     D:7: 591 daAuts
     D:2: 585 daAuts
     D:1: 522 daAuts
     D:6: 50 daAuts
     D:8: 34 daAuts
